 Dungeon Crawl Stone Soup version 0.24-a0-520-g8fd06ad0bc (webtiles) character file.

Game seed: 368945895119462713

4753 Debik the Geomancer (level 10, -9/53 HPs)
             Began as a Gargoyle Earth Elementalist on July 27, 2019.
             Was a Believer of Vehumet.
             Killed from afar by Joseph (16 damage)
             ... with a bolt of acid
             ... on level 8 of the Dungeon.
             The game lasted 00:18:39 (8515 turns).

Debik the Geomancer (Gargoyle Earth Elementalist)   Turns: 8515, Time: 00:18:40

Health: -9/53      AC: 16    Str: 13    XL:     10   Next: 46%
Magic:  0/23       EV: 12    Int: 20    God:    Vehumet [**....]
Gold:   573        SH:  0    Dex: 10    Spells: 18/27 levels left

rFire    + . .     SeeInvis .   b - +4 hand axe (chop)
rCold    + . .     Gourm    .   (no shield)
rNeg     + . .     Faith    .   c - +2 robe {rC+ rF+}
rPois    ∞         Spirit   .   k - +2 helmet
rElec    +         Reflect  .   r - +0 cloak
rCorr    .         Harm     .   v - +0 pair of gloves
MR       .....                  (no boots)
Stlth    ++........             (no amulet)
HPRegen  0.17/turn              p - +2 ring of strength
MPRegen  0.18/turn              (no ring)

@: heavily drained
A: negative energy resistance 1, electricity resistance, unbreathing,
petrification resistance, rot immunity, AC +7
a: Renounce Religion


You were on level 8 of the Dungeon.
You worshipped Vehumet.
Vehumet was pleased with you.
You were not hungry.

You visited 2 branches of the dungeon, and saw 9 of its levels.
You also visited: Ossuary.

You collected 573 gold pieces.

Inventory:

Hand Weapons
 b - a +4 hand axe of chopping (weapon)
Armour
 c - a +2 robe of resistance (worn)
 k - a +2 helmet (worn)
 r - a +0 cloak (worn)
 v - a +0 pair of gloves (worn)
Jewellery
 o - an uncursed ring of ice
 p - a +2 ring of strength (left hand)
Wands
 e - a wand of random effects (17)
 g - a wand of polymorph (4)
Scrolls
 n - a scroll of amnesia
 t - a scroll of fog
 u - 2 scrolls of remove curse
Potions
 a - 2 potions of mutation
 f - 2 potions of lignification
 l - a potion of haste
 m - 3 potions of brilliance
 s - 2 potions of resistance
 z - a potion of flight
 A - a potion of agility
Comestibles
 d - 11 rations


   Skills:
 + Level 2.2(1.0) Fighting
   Level 2.0(0.8) Short Blades
 + Level 3.0(1.7) Axes
 + Level 3.8(2.6) Dodging
 + Level 3.6(2.3) Stealth
 + Level 0.2(0.0) Unarmed Combat
 + Level 9.1(7.6) Spellcasting
 + Level 2.5(1.2) Conjurations
   Level 0.7(0.0) Transmutations
 + Level 11.0(9.4) Earth Magic


You had 18 spell levels left.
You knew the following spells:

 Your Spells              Type           Power        Failure   Level  Hunger
a - Sandblast             Erth           #####.       1%          1    None
d - Lee's Rapid Deconstr  Erth           #####.....   4%          5    #####..
e - Stone Arrow           Conj/Erth      ####..       3%          3    None

Your spell library contained the following spells:

 Spells                   Type           Power        Failure   Level  Hunger
 Shock                    Conj/Air       ##..         7%          1    None
 Passwall                 Tmut/Erth      ####....     1%          2    None
 Confusing Touch          Hex            #.....       9%          1    None
 Freeze                   Ice            #...         9%          1    None
 Throw Frost              Conj/Ice       ##....       11%         2    None
 Petrify                  Tmut/Erth      ####....     13%         4    ###....
 Confuse                  Hex            #.......     26%         3    None
 Gell's Gravitas          Tloc           #.........   26%         3    None
 Ozocubu's Armour         Chrm/Ice       #.......     26%         3    None
 Throw Icicle             Conj/Ice       ##......     56%         4    ###....
 Summon Ice Beast         Ice/Summ       #.......     65%         4    ###....
 Metabolic Englaciation   Hex/Ice        #.........   94%         5    #####..
 Yara's Violent Unravell  Hex/Tmut       #.........   94%         5    #####..


Dungeon Overview and Level Annotations

Branches:
Dungeon (8/15)             Temple (1/1) D:6
   Lair: D:8-11

Altars:
Ashenzari
Cheibriados
Dithmenos
Elyvilon
Fedhas
Gozag
Hepliaklqana
Kikubaaqudgha
Makhleb
Nemelex Xobeh
Okawaru
Qazlal
Ru
Sif Muna
Trog
Uskayaw
Vehumet
Wu Jian
Xom
Yredelemnul
Zin
The Shining One

Annotations:
D:8 Joseph


Innate Abilities, Weirdness & Mutations

You are resistant to torment.
Your stone body is resilient. (AC +7)
You are immune to poison.
You resist negative energy. (rN+)
You are resistant to electric shocks. (rElec)
You can survive without breathing.
You are immune to petrification.
You are immune to rotting.


Message History

The stone arrow hits Joseph!
Joseph is severely wounded.
The porcupine bites the fungus.
Joseph zaps a wand.
The bolt of acid hits you!
You are splashed with acid!
* * * LOW HITPOINT WARNING * * *
The porcupine bites the fungus!
Casting: Stone Arrow (safe; 3% risk of failure)
Confirm with . or Enter, or press ? or * to list all spells.
Aiming: Stone Arrow (safe; 3% risk of failure)
Press: ? - help, Shift-Dir - straight line, f/p - Joseph
Aim: Joseph, wielding a +0 hunting sling, wearing a +0 chain mail and carrying a wand of acid (10) (severely wounded)
The stone arrow hits Joseph!
Joseph is almost dead.
Joseph shoots a sling bullet.
The sling bullet hits you.
* * * LOW HITPOINT WARNING * * *
The porcupine bites the fungus.
Okay, then.
Okay, then.
Joseph zaps a wand.
The bolt of acid hits you!
You die...

#.....#......###...#
.# #.#####>.....#
###.# ..# . #.....^#
#.. .... #......# ###
.P... #......# #
.....## ########
.P.....
#.P.P..#########
#P.r@..(@..(...######
#...P..#######......##
#P....# ######..####
...PPP ##..... .P...
###### .P... P... ..##


You could see Joseph and a porcupine.

Vanquished Creatures
  Erica (D:7)
  Prince Ribbit (D:5)
  Sigmund (D:6)
  A spriggan (D:7)
  A water moccasin (D:7)
  The ghost of Gynju the Gusty, an amateur TeAE (D:4)
  2 ice beasts
  5 black bears
  2 sky beasts
  2 phantoms
  An ogre (D:4)
  A centaur (D:7)
  A crocodile (D:7)
  A big kobold (D:7)
  6 elf zombies (Ossuary)
  A bullfrog (D:6)
  2 scorpions
  4 killer bees (D:8)
  4 howler monkeys
  4 crimson imps
  4 human zombies (Ossuary)
  3 centaur zombies
  A bullfrog skeleton (D:7)
  A bullfrog zombie (D:6)
  4 hounds
  2 jellies
  A centaur skeleton (D:8)
  2 iguanas (D:8)
  2 worker ants
  3 orc wizards
  A hound zombie (D:6)
  2 hound skeletons (D:4)
  3 mummies (Ossuary)
  A worker ant zombie (D:6)
  9 adders
  4 gnolls (D:3)
  A howler monkey skeleton (D:8)
  2 shadow imps
  An adder zombie (D:7)
  3 worms
  A dart slug (D:1)
  6 leopard geckos
  30 orcs
  2 giant cockroaches (D:1)
  8 goblins
  8 hobgoblins
  10 jackals
  2 quokkas
  A ball python (D:2)
  8 bats
  2 frilled lizards
  8 kobolds
  5 rats
183 creatures vanquished.

Vanquished Creatures (others)
  3 fungi (D:8)
  A plant (D:8)
4 creatures vanquished.

Grand Total: 187 creatures vanquished

Notes
Turn   | Place    | Note
-------+----------+-------------------------------------------
     0 | D:1      | Debik the Gargoyle Earth Elementalist began the quest for
                  | the Orb.
     0 | D:1      | Reached XP level 1. HP: 10/10 MP: 3/3
    70 | D:1      | Reached skill level 4 in Earth Magic
    71 | D:1      | Reached XP level 2. HP: 15/15 MP: 0/5
   499 | D:1      | You fall into a shaft and drop 1 floor!
   602 | D:2      | Reached XP level 3. HP: 19/19 MP: 3/6
   607 | D:2      | Learned a level 3 spell: Stone Arrow
   665 | D:2      | Found a shadowy altar of Dithmenos.
  1247 | D:2      | Found a stormy altar of Qazlal.
  1414 | D:1      | Reached XP level 4. HP: 24/24 MP: 0/7
  1818 | D:3      | Reached skill level 5 in Earth Magic
  1965 | D:3      | Found a glowing silver altar of Zin.
  1966 | D:3      | Found a hide-covered altar of Uskayaw.
  1975 | D:3      | Found an opulent altar of Gozag.
  1989 | D:3      | Reached XP level 5. HP: 28/28 MP: 7/9
  2540 | D:3      | Reached skill level 1 in Short Blades
  2629 | D:3      | Learned a level 5 spell: Lee's Rapid Deconstruction
  2655 | D:3      | Found a deep blue altar of Sif Muna.
  2864 | D:3      | Found a shattered altar of Ashenzari.
  2864 | D:3      | Found a basalt altar of Yredelemnul.
  2943 | D:4      | Reached XP level 6. HP: 32/32 MP: 6/11
  3179 | D:4      | Reached skill level 6 in Earth Magic
  3603 | D:4      | Found an iron altar of Okawaru.
  3661 | D:4      | Found a runed translucent door.
  3664 | D:4      | Noticed Gynju's ghost (amateur TeAE)
  3678 | D:4      | Killed Gynju's ghost
  3678 | D:4      | Reached XP level 7. HP: 31/36 MP: 4/13
  3985 | D:5      | Entered Level 5 of the Dungeon
  4019 | D:5      | Reached skill level 7 in Earth Magic
  4093 | D:5      | Found a white marble altar of Elyvilon.
  4099 | D:5      | Reached skill level 5 in Spellcasting
  4186 | D:5      | Noticed Prince Ribbit
  4193 | D:5      | Killed Prince Ribbit
  4193 | D:5      | Reached XP level 8. HP: 28/42 MP: 5/16
  4340 | D:5      | Reached skill level 8 in Earth Magic
  4863 | D:6      | Noticed Sigmund
  4871 | D:6      | Killed Sigmund
  4871 | D:6      | Reached skill level 1 in Conjurations
  5025 | D:6      | Reached skill level 9 in Earth Magic
  5037 | D:6      | Found a staircase to the Ecumenical Temple.
  5052 | Temple   | Entered the Ecumenical Temple
  5246 | Temple   | Became a worshipper of Vehumet
  5797 | D:6      | Reached XP level 9. HP: 46/46 MP: 14/19
  6105 | D:7      | Found a sand-covered staircase.
  6110 | Ossuary  | Entered an ossuary
  6494 | Ossuary  | Reached skill level 10 in Earth Magic
  6498 | Ossuary  | Reached * piety under Vehumet
  6498 | Ossuary  | Offered knowledge of Magic Dart by Vehumet.
  6498 | Ossuary  | Reached skill level 1 in Fighting
  6709 | D:7      | Found a snail-covered altar of Cheibriados.
  7200 | D:7      | Found a bloodstained altar of Trog.
  7249 | D:7      | Reached XP level 10. HP: 52/52 MP: 2/22
  7408 | D:7      | Reached skill level 1 in Axes
  7793 | D:8      | Offered knowledge of Shock by Vehumet.
  7794 | D:8      | Noticed Erica
  8135 | D:7      | Killed Erica
  8135 | D:7      | Reached ** piety under Vehumet
  8135 | D:7      | Reached skill level 11 in Earth Magic
  8504 | D:8      | Noticed Joseph
  8515 | D:8      | Killed from afar by Joseph

Levels and vault maps discovered:
D:1:      minmay_arrival_stone_box, layout_loops_ring
D:2:      layout_loops_corners, lemuel_coloured_pillars_altar,
          chequers_decorated_corner, lemuel_tele_altar
D:3:      layout_basic, lemuel_doored_altar, nicolae_overflow_hidden_temple
D:4:      layout_basic, ebering_ghost_sewer_d, first_ration, okawaru_gym_becter
D:5:      black_bear_nest_1, layout_cave_pools, lemuel_crystal_altar,
          lemuel_old_faithful, uniq_prince_ribbit1
D:6:      layout_loops_ring, minmay_temple_entry_glassed_door,
          serial_co_window_serial, co_window_paths_b, co_window_paths_b,
          co_window_paths_a, co_window_paths_a, co_window_cross_1,
          co_window_corner_a, co_window_cross_2, co_window_corner_b,
          co_window_broadway_a, co_window_paths_e, glass_columns_a,
          glass_columns_a, glass_columns_b, glass_columns_a, glass_columns_c,
          minmay_hedge_maze, uniq_sigmund
D:7:      layout_cave_pods, lemuel_crystal_altar, enter_ossuary_2, the_bakery,
          trog_three_pillars_becter
D:8:      layout_rooms, grunt_lair_entry_orc_guard_hut, uniq_erica, uniq_joseph
Temple:   nicolae_temple_figure_eight

Skill      XL: |  1  2  3  4  5  6  7  8  9 10 |
---------------+-------------------------------+-----
Earth Magic    | 4 5 6 7 9 10 11 | 11.0
Spellcasting   | 3 4 5 7 8 9 |  9.1
Short Blades   | 1 2 |  2.0
Dodging        | 2 3 |  3.8
Stealth        | 3 |  3.6
Conjurations   | 1 2 |  2.5
Fighting       | 1 2 |  2.2
Axes           | 3 |  3.0
Unarmed Combat | |  0.2
Transmutations | |  0.7

Action                   |  1- 3 |  4- 6 |  7- 9 | 10-12 || total
-------------------------+-------+-------+-------+-------++-------
Melee: Unarmed           |    12 |       |       |       ||    12
       Dagger            |    21 |    44 |    62 |       ||   127
       Hand axe          |       |       |    27 |    35 ||    62
 Cast: Sandblast         |    34 |    70 |   105 |       ||   209
       Stone Arrow       |       |    11 |    42 |    36 ||    89
       Lee's Rapid Decon |       |       |     7 |       ||     7
  Use: Scroll            |       |    11 |     8 |     5 ||    24
       Potion            |       |       |       |    10 ||    10
 Stab: Sleeping          |     2 |       |       |       ||     2
  Eat: Chunk             |     1 |     4 |     5 |     1 ||    11
       Ration            |       |     1 |     3 |     1 ||     5
Armor: Robe              |    17 |    19 |    71 |    83 ||   190
Dodge: Dodged            |    26 |    36 |    59 |   104 ||   225

Table legend:
 A = Non-vault XP
 B = Vault XP
 C = Vault XP percentage of total XP
 D = Non-vault monster count
 E = Vault monster count
 F = Vault count percentage of total count
                 A         B        C        D         E       F
            +---------+---------+-------+---------+---------+-------
      Total |    3828 |    2962 |  43.6 |     160 |      23 |  12.6
            +---------+---------+-------+---------+---------+-------
        D:1 |      49 |       0 |   0.0 |      27 |       0 |   0.0
        D:2 |      45 |       0 |   0.0 |      13 |       0 |   0.0
        D:3 |     171 |       0 |   0.0 |      30 |       0 |   0.0
        D:4 |     353 |     161 |  31.3 |      16 |       2 |  11.1
        D:5 |     240 |     410 |  63.1 |      10 |       2 |  16.7
        D:6 |     768 |     223 |  22.5 |      20 |       1 |   4.8
        D:7 |    1350 |    1144 |  45.9 |      25 |       2 |   7.4
        D:8 |     852 |     126 |  12.9 |      19 |       1 |   5.0
    Ossuary |       0 |     898 | 100.0 |       0 |      15 | 100.0
            +---------+---------+-------+---------+---------+-------
